 Dungeon Crawl Stone Soup version 0.22-a0-322-g60b3cfd (webtiles) character file.

22 DiscipleGeek the Sneak (level 2, -3/28 HPs)
             Began as a Troll Assassin on Apr 3, 2018.
             Slain by a gnoll
             ... wielding a cursed -1 flail
              (10 damage)
             ... on level 2 of the Dungeon.
             The game lasted 00:04:04 (702 turns).

DiscipleGeek the Sneak (Troll Assassin)              Turns: 702, Time: 00:04:04

Health: -3/28      AC:  6    Str: 18    XL:     2   Next: 68%
Magic:  1/1        EV:  9    Int:  7    God:
Gold:   64         SH:  0    Dex: 11    Spells: 1/1 levels left

rFire    . . .     SeeInvis .   a - +2 dagger
rCold    . . .     Gourm    +   (no shield)
rNeg     . . .     Faith    .   c - +0 robe
rPois    .         Spirit   .   (helmet restricted)
rElec    .         Reflect  .   d - +0 cloak
rCorr    .         Harm     .   (gloves unavailable)
MR       .....                  (boots unavailable)
Stlth    ++........             (no amulet)
HPRegen  0.49/turn              (no ring)
MPRegen  0.07/turn              (no ring)

@: no status effects
A: large, unfitting armour, claws 3, fast metabolism 3, gourmand, regeneration
1, shaggy fur 1, tough skin 2
a: no special abilities


You were on level 2 of the Dungeon.
You were completely stuffed.

You visited 1 branch of the dungeon, and saw 2 of its levels.

You collected 64 gold pieces.

Inventory:

Hand Weapons
 a - a +2 dagger (weapon)
 b - a +0 blowgun
Missiles
 e - 8 poisoned needles
 f - 2 curare-tipped needles
Armour
 c - a +0 robe (worn)
 d - a +0 cloak (worn)
Scrolls
 i - a scroll of fear
 k - 2 scrolls of identify
Potions
 h - a potion of ambrosia {unknown}
 j - 2 potions of curing {unknown}
 l - a potion of heal wounds {unknown}
Comestibles
 g - 4 rations


   Skills:
 + Level 1.8 Fighting
 + Level 1.5 Short Blades
 + Level 1.9 Throwing
 + Level 1.0 Dodging
 + Level 2.5 Stealth


You had one spell level left.
You didn't know any spells.

Dungeon Overview and Level Annotations

Branches:
Dungeon (2/15)

Altars:


Innate Abilities, Weirdness & Mutations

You are too large for most types of armour.
You have claws for hands.
Your metabolism is lightning-fast.
You like to eat raw meat.
Your natural rate of healing is unusually fast.
You are covered in fur. (AC +1)
You have very tough skin. (AC +2)


Message History

The gnoll hits you. The gnoll hits you but does no damage.
A goblin comes into view.
You hit the gnoll.
The gnoll is severely wounded.
The bat hits you but does no damage. The gnoll hits you.
The bat closely misses you.
The gnoll hits you from afar with a spear.
You hit the gnoll but do no damage.
The gnoll is severely wounded.
The bat hits you but does no damage. The gnoll hits you.
The gnoll hits you but does no damage.
You closely miss the gnoll.
The gnoll is severely wounded.
The bat hits you but does no damage. The gnoll hits you.
* * * LOW HITPOINT WARNING * * *
You completely miss the gnoll.
The gnoll is severely wounded.
The bat hits you but does no damage.
The gnoll hits you but does no damage. x2
The gnoll hits you with an enchanted flail!
You die...

#.......###
+..........
#..........
...##..... #
#.##...... #
#. ..g##....
###.#.##g##..#
.......@glg.#
....#...#.###
# ###b#.#
..#.+ ######


You could see 3 gnolls, a leopard gecko, a goblin and a bat.

Vanquished Creatures
  A leopard gecko (D:1)
  2 giant cockroaches (D:1)
  2 goblins (D:2)
  A hobgoblin (D:1)
  5 jackals (D:1)
  2 kobolds
  2 bats (D:1)
  3 rats (D:1)
18 creatures vanquished.

Notes
Turn   | Place    | Note
-------+----------+-------------------------------------------
     0 | D:1      | DiscipleGeek the Troll Assassin began the quest for the Orb.
     0 | D:1      | Reached XP level 1. HP: 19/19 MP: 0/0
   158 | D:1      | Reached XP level 2. HP: 12/27 MP: 1/1
   694 | D:2      | Reached skill level 1 in Dodging
   702 | D:2      | Slain by a gnoll

Vault maps used:
D:1:      dpeg_arrival_circle_labyrinth_a
D:2:      nicolae_qazlal_general_emergency, first_ration, minmay_tetromino_s2

Skill      XL: |  1  2 |
---------------+-------+-----
Dodging        | 1 |  1.0
Fighting       | |  1.8
Short Blades   | |  1.5
Throwing       | |  1.9
Stealth        | |  2.5

Action                   || total
-------------------------++-------
Melee: Dagger            ||    70
  Use: Scroll            ||     3
       Potion            ||     1
 Stab: Sleeping          ||     1
  Eat: Chunk             ||    12
Armor: Robe              ||    64
Dodge: Dodged            ||    53

Table legend:
 A = Spawn XP
 B = Non-spawn XP
 C = Spawn XP percentage of total XP
 D = Spawn monster count
 E = Non-spawn monster count
 F = Spawn count percentage of total count
 G = Total turns spent on level
                    A         B        C        D         E        F      G
               +---------+---------+-------+---------+---------+-------+---------
         Total |       0 |      32 |   0.0 |       0 |      18 |   0.0 |   702
               +---------+---------+-------+---------+---------+-------+---------
           D:1 |       0 |      27 |   0.0 |       0 |      15 |   0.0 |   685
           D:2 |       0 |       5 |   0.0 |       0 |       3 |   0.0 |    17
               +---------+---------+-------+---------+---------+-------+---------
